 Dungeon Crawl Stone Soup version 0.25-a0-701-gb30f108f01 (webtiles) character file.

Game seed: 8467098505404514282, levelgen mode: deterministic

123729 Flugslaktarn the Severer (level 16, -2/228 HPs)
             Began as a Deep Dwarf Fighter on Apr 3, 2020.
             Was the Champion of Makhleb.
             Shot with a bolt by a naga sharpshooter (7 damage)
             ... on level 4 of the Snake Pit.
             The game lasted 00:14:09 (14903 turns).

Flugslaktarn the Severer (Deep Dwarf Fighter)      Turns: 14903, Time: 00:14:09

Health: -2/228     AC: 27    Str: 31    XL:     16   Next: 37%
Magic:  8/8 (17)   EV:  8    Int:  8    God:    Makhleb [******]
Gold:   1998       SH: 15    Dex: 23    Spells: 15/15 levels left

rFire    . . .     SeeInvis +   i - +0 hand axe (elec)
rCold    + . .     Gourm    .   j - +0 kite shield
rNeg     + . .     Faith    .   K - +0 plate armour
rPois    .         Spirit   .   O - +2 helmet
rElec    +         Reflect  .   R - +1 cloak {rC+}
rCorr    .         Harm     .   U - +0 pair of gloves of the Lumpy Friends {MR+++ MP-9 Dex+4 SInv}
MR       +++++     Rnd*Tele +   u - +2 pair of boots
Stlth    ..........             (no amulet)
HPRegen  0.00/turn              w - +5 ring of strength
MPRegen  0.11/turn              I - ring of Apnefin {*Tele *Corrode Dex+5 Slay+5}

@: berserking (expiring), lethally poisoned (-2 -> -42), non-regenerating, very
quick
A: damage resistance, heal wounds, agile 1, dopey 1, negative energy resistance
1, sense surroundings 2, screaming 1, electricity resistance, no regeneration
a: Heal Wounds, Minor Destruction, Lesser Servant of Makhleb, Major Destruction,
Greater Servant of Makhleb, Renounce Religion


You were on level 4 of the Snake Pit.
You worshipped Makhleb.
Makhleb was exalted by your worship.
You were not hungry.

You visited 4 branches of the dungeon, and saw 24 of its levels.
You also visited: Bailey and Ice Cave.

You collected 2258 gold pieces.
You spent 260 gold pieces at shops.

Inventory:

Hand Weapons
 a - a +1 war axe
 b - a +0 hand axe of flaming
   (You took it off an orc on level 8 of the Dungeon)
 i - a +0 hand axe of electrocution (weapon)
   (You took it off an orc on level 10 of the Dungeon)
Missiles
 D - 9 throwing nets (quivered)
Armour
 j - a +0 kite shield (worn)
 p - a scarf of resistance
   (You found it on level 5 of the Dungeon)
 u - a +2 pair of boots (worn)
   (You found it on level 5 of the Dungeon)
 H - a +1 pair of gloves
   (You found it on level 9 of the Dungeon)
 J - a +1 cloak of magic resistance
   (You found it in a bailey)
 K - a +0 plate armour (worn)
   (You took it off an orc warrior on level 10 of the Dungeon)
 O - a +2 helmet (worn)
   (You took it off Robin on level 4 of the Dungeon)
 R - a +1 cloak of cold resistance (worn)
   (You found it in an ice cave)
 U - the +0 pair of gloves of the Lumpy Friends (worn) {MR+++ MP-9 Dex+4 SInv}
   (You found it on level 4 of the Lair of Beasts)

   It affects your dexterity (+4).
   It affects your resistance to hostile enchantments.
   It affects your magic capacity (-9).
   It lets you see invisible.
Jewellery
 c - an uncursed ring of protection from cold
   (You took it off an orc on level 3 of the Dungeon)
 k - an uncursed ring of resist corrosion
   (You found it on level 6 of the Dungeon)
 m - an uncursed ring of protection from magic
   (You found it on level 3 of the Lair of Beasts)
 o - an uncursed ring of poison resistance
   (You bought it in a shop on level 9 of the Dungeon)
 s - an uncursed amulet of the acrobat
   (You found it on level 2 of the Lair of Beasts)
 w - a +5 ring of strength (left hand)
   (You found it on level 6 of the Dungeon)
 I - the ring of Apnefin (right hand) {*Tele *Corrode Dex+5 Slay+5}
   (You found it on level 11 of the Dungeon)

   [ring of teleportation]

   It may teleport you next to monsters.
   It affects your dexterity (+5).
   It affects your accuracy and damage with ranged weapons and melee attacks
   (+5).
   It may corrode you when you take damage.
Wands
 v - a wand of digging (5)
   (You found it on level 9 of the Dungeon)
 L - a wand of iceblast (28)
   (You found it on level 6 of the Dungeon)
 P - a wand of paralysis (17)
   (You found it on level 13 of the Dungeon)
Scrolls
 f - 2 scrolls of magic mapping
 r - a scroll of identify
 t - 3 scrolls of teleportation
 x - 10 scrolls of remove curse
 y - 4 scrolls of enchant weapon
 z - 3 scrolls of blinking
 C - 3 scrolls of holy word
 T - 2 scrolls of immolation
Potions
 d - 2 potions of might
 g - 2 potions of magic
 l - 6 potions of stabbing
 A - 2 potions of flight
 B - 3 potions of lignification
 F - a potion of cancellation
 G - 6 potions of brilliance
 N - 2 potions of mutation
 Q - 4 potions of ambrosia
Comestibles
 e - 27 rations
 h - 4 chunks of flesh


   Skills:
 + Level 11.9 Fighting
 - Level 18.0 Axes
 + Level 13.8 Armour
 + Level 13.9 Shields
 + Level 14.4 Invocations


You had 15 spell levels left.
You didn't know any spells.
Your spell library was empty.

Dungeon Overview and Level Annotations

Branches:
Dungeon (15/15)            Temple (1/1) D:7            Lair (4/6) D:11
 Shoals (0/4) Lair:4        Snake (4/4) Lair:4          Orc (0/2) D:12
 Vaults (0/5) D:13         Depths (0/5) D:15         Bailey (visited)
  IceCv (visited)

Altars:
Ashenzari
Cheibriados
Dithmenos
Elyvilon
Gozag
Makhleb
Nemelex Xobeh
Okawaru
Qazlal
Ru
Sif Muna
Trog
Vehumet
Wu Jian
Xom
Yredelemnul
The Shining One

Shops:
D:6 *   D:9 =

Annotations:
D:4 2 transporters, liluieth's ghost, amateur TrAr
D:14 1 runed translucent door, Thantalas's ghost, journeyman GnWn


Innate Abilities, Weirdness & Mutations

You are resistant to damage.
You can heal yourself by infusing magical energy.
You resist negative energy. (rN+)
You passively map the area around you.
You do not regenerate.
You are agile. (Dex +2)
You are dopey. (Int -2)
You occasionally shout uncontrollably at your foes.
You are resistant to electric shocks. (rElec)


Message History

You feel very sick.
The salamander hits you but does no damage.
You see here 35 bolts.
You slice the naga sharpshooter!!
Lightning courses through the naga sharpshooter!
You kill the naga sharpshooter!
Makhleb accepts your kill.
You slash the naga mage!
* * * LOW HITPOINT WARNING * * *
You feel sick. The nagaraja spits poison at you.
You block the splash of poison. The naga mage spits poison at you.
The splash of poison hits you!
You are more poisoned.
* * * LOW HITPOINT WARNING * * *
The naga mage casts a spell at you. You resist with almost no effort.
The naga sharpshooter shoots a bolt.
The bolt hits you!
You die...

* #. .... ,
,, ##. *
#.... , , *
#.. .....
,, ,,, ,
#..* ......
,, . * ,,
#.. ......,
, , . * ,
#.. #N.....
, ,,. ,, *
,
#.)#.N.N..#
, ,, . ** ,
,
#.)).N.....
* NN ,,
#.)@.N.#...
, N , ,,
#..N..N..#
,, # , , ,
*
##......#N#
,... , *
#.....## N,
, , , * ..#
.# #..%.##,
N, , ..
,#.# ##....
, * ..* #.#
#....# ,,
,N###.#
###..#, ,
,, ....# *
, , ,


You could see a nagaraja, a naga sharpshooter, a salamander, 4 naga magi and a
naga.

Vanquished Creatures
  Rupert (D:14)
  Frances (D:14)
  Gastronok (D:10)
  Donald (Snake:2)
  5 nagarajas
  Josephine (D:12)
  3 fire dragons
  Harold (D:10)
  Erolcha (D:10)
  3 naga warriors
  A catoblepas (D:14)
  4 anacondas
  11 hydras
  3 centaur warriors
  3 death yaks (D:11)
  7 two-headed ogres
  2 tengu warriors (D:15)
  Nergalle (Lair:2)
  2 shock serpents
  10 naga sharpshooters
  A salamander mystic (Snake:4)
  A fire crab (shapeshifter) (D:14)
  An unseen horror (D:15)
  5 skeletal warriors (D:14)
  6 naga ritualists
  4 wizards
  A necromancer (IceCv)
  2 wolf spider zombies
  Pikel (D:9)
  An orc knight (D:14)
  4 deep elf magi
  19 ugly things
  3 manticores
  4 mana vipers
  An orc sorcerer (D:12)
  7 cyclopes
  18 black mambas
  4 salamanders (Snake:4)
  An elephant (Lair:4)
  A merfolk siren (Lair:4)
  Joseph (D:8)
  An ice statue (IceCv)
  9 naga magi
  2 spiny frogs
  3 centaur skeletons
  3 gargoyles
  4 yaktaurs (D:12)
  5 rime drakes
  A kobold demonologist (D:14)
  12 freezing wraiths
  6 komodo dragons
  6 trolls
  A polar bear (shapeshifter) (D:13)
  A harpy zombie (D:15)
  3 slime creatures (D:14)
  Grinder (D:6)
  A blink frog (Lair:4)
  A dream sheep (Lair:4)
  A meliai zombie (D:12)
  A blink frog (shapeshifter) (D:15)
  18 hippogriffs
  5 wraiths
  Sigmund (D:6)
  A vampire (D:13)
  10 wyverns
  Grum (D:8)
  A steam dragon (shapeshifter) (D:15)
  22 yaks
  A fire elemental (Lair:4)
  5 hungry ghosts
  Eustachio (D:4)
  6 basilisks
  Menkaure (D:5)
  7 water moccasins
  22 nagas
  8 porcupines
  A hell hound (D:14)
  6 orc warriors
  3 phantoms
  5 sky beasts
  A black bear (shapeshifter) (D:15)
  A hornet zombie (D:10)
  9 ice beasts
  A black bear (D:13)
  A necrophage (D:11)
  An eye of draining (D:14)
  4 slaves (D:9)
  4 ogres
  20 wolves
  7 centaurs
  2 crocodiles (Lair:4)
  A big kobold (D:8)
  A wyvern zombie (D:15)
  13 bullfrogs
  10 gnoll sergeants
  3 scorpions
  2 troll zombies (D:12)
  A wyvern skeleton (D:13)
  16 killer bees (Lair:1)
  8 wights
  3 electric eels
  A howler monkey (D:8)
  A centaur zombie (D:8)
  5 crimson imps
  3 draconian simulacra (IceCv)
  2 jellies
  10 hounds
  11 orc priests
  9 gnoll shamans
  3 bullfrog skeletons
  5 iguanas
  Ijyb (D:4)
  17 orc wizards
  8 worker ants
  A spriggan simulacrum (IceCv)
  A polar bear simulacrum (IceCv)
  8 troll simulacra (IceCv)
  3 wolf simulacra (IceCv)
  4 ogre zombies (D:12)
  2 centaur simulacra (IceCv)
  2 hound skeletons
  A worker ant zombie (D:9)
  Robin (D:4)
  28 gnolls
  2 ogre simulacra (IceCv)
  10 adders
  4 naga simulacra (IceCv)
  2 river rats (D:11)
  3 shadow imps
  24 white imps
  An ooze (D:1)
  An adder skeleton (D:9)
  3 worms
  7 leopard geckos
  70 orcs
  3 giant cockroaches
  12 goblins
  7 hobgoblins
  12 kobolds
  8 quokkas
  3 bats
  4 frilled lizards
  A goblin skeleton (D:12)
  A goblin zombie (D:12)
  3 hobgoblin skeletons (D:12)
  A hobgoblin zombie (D:12)
  A jackal skeleton (D:6)
  2 orc skeletons (D:12)
  11 orc zombies (D:12)
  A quokka skeleton (D:6)
  2 quokka zombies
  20 rats
  A fungus (Lair:4)
  3 plants
794 creatures vanquished.

Vanquished Creatures (others)
  A fungus (Lair:4)
  2 withered plants (D:14)
3 creatures vanquished.

Grand Total: 797 creatures vanquished

Notes
Turn   | Place    | Note
-------+----------+-------------------------------------------
     0 | D:1      | Flugslaktarn the Deep Dwarf Fighter began the quest for the
                  | Orb.
     0 | D:1      | Reached XP level 1. HP: 20/20 MP: 1/1
    24 | D:1      | Reached XP level 2. HP: 27/27 MP: 2/2
   339 | D:1      | Reached skill level 3 in Axes
   339 | D:1      | Reached XP level 3. HP: 29/33 MP: 3/3
   495 | D:3      | Reached XP level 4. HP: 33/42 MP: 3/3
   580 | D:3      | Reached skill level 4 in Axes
   580 | D:3      | Reached XP level 5. HP: 46/49 MP: 3/3
   618 | D:4      | Noticed Eustachio
   664 | D:4      | Killed Eustachio
   664 | D:4      | Reached XP level 6. HP: 21/57 MP: 3/3
   725 | D:4      | Reached skill level 5 in Axes
   752 | D:4      | Found a transporter.
   752 | D:4      | Noticed liluieth's ghost (amateur TrAr)
   754 | D:4      | Noticed a hungry ghost
   758 | D:4      | Noticed Ijyb
   784 | D:4      | Killed Ijyb
   841 | D:4      | Found a transporter.
   845 | D:4      | Noticed Robin
   865 | D:4      | Reached XP level 7. HP: 23/64 MP: 4/4
   877 | D:4      | Killed Robin
   891 | D:4      | Reached skill level 5 in Armour
  1265 | D:5      | Entered Level 5 of the Dungeon
  1280 | D:5      | Reached skill level 6 in Axes
  1280 | D:5      | Reached skill level 5 in Shields
  1300 | D:5      | Noticed Menkaure
  1310 | D:5      | Killed Menkaure
  1422 | D:5      | Reached XP level 8. HP: 31/73 MP: 4/4
  1598 | D:5      | Reached skill level 7 in Axes
  1834 | D:6      | Found Gebikiez's Lightly-Used Armoury.
  1835 | D:6      | Noticed Sigmund
  1850 | D:6      | Killed Sigmund
  1891 | D:6      | Reached skill level 5 in Fighting
  2039 | D:6      | Noticed Grinder
  2049 | D:6      | Killed Grinder
  2049 | D:6      | Reached skill level 8 in Axes
  2490 | D:6      | Gained mutation: You are frail. (-10% HP) [potion of
                  | mutation]
  2490 | D:6      | Gained mutation: You possess an exceptional clarity of
                  | mind. [potion of mutation]
  2758 | D:7      | Found a staircase to the Ecumenical Temple.
  2766 | D:7      | Noticed a hippogriff
  2767 | D:7      | Noticed a hippogriff
  2779 | D:7      | Killed a hippogriff
  2779 | D:7      | Gained mutation: You passively map the area around you.
                  | [Deep Dwarf growth]
  2779 | D:7      | Reached XP level 9. HP: 47/72 MP: 4/4
  2804 | Temple   | Entered the Ecumenical Temple
  2960 | Temple   | Became a worshipper of Makhleb the Destroyer
  3112 | D:7      | Reached skill level 9 in Axes
  3299 | D:8      | Noticed Joseph
  3307 | D:8      | Reached skill level 1 in Invocations
  3329 | D:8      | Killed Joseph
  3520 | D:8      | Noticed Grum
  3548 | D:8      | Reached * piety under Makhleb
  3550 | D:8      | Killed Grum
  3582 | D:8      | Reached skill level 10 in Axes
  3674 | D:8      | Reached XP level 10. HP: 58/82 MP: 7/7
  3708 | D:8      | Found a basalt altar of Yredelemnul.
  3967 | D:8      | Noticed a two-headed ogre
  3986 | D:8      | Killed a two-headed ogre
  4310 | D:9      | Found Honiviss's Jewellery Boutique.
  4353 | D:9      | Reached ** piety under Makhleb
  4641 | D:9      | Noticed Pikel
  4673 | D:9      | Killed Pikel
  4673 | D:9      | Reached skill level 5 in Invocations
  4682 | D:9      | Reached skill level 11 in Axes
  4943 | D:9      | Found a flagged portal.
  4952 | Bailey   | Entered a bailey
  5053 | Bailey   | Reached *** piety under Makhleb
  5082 | Bailey   | Identified the cursed +1 plate armour "Kuasikhlurio" {rCorr
                  | Str-5 Dex+9 Stlth-}
  5469 | D:10     | Entered Level 10 of the Dungeon
  5475 | D:10     | Noticed Erolcha
  5487 | D:10     | Killed Erolcha
  5487 | D:10     | Reached XP level 11. HP: 84/90 MP: 9/9
  5861 | D:10     | Noticed Harold
  5882 | D:10     | Killed Harold
  5916 | D:10     | Reached **** piety under Makhleb
  5968 | D:10     | Noticed Gastronok
  5993 | D:10     | Killed Gastronok
  5993 | D:10     | Reached skill level 12 in Axes
  6529 | D:11     | Noticed a death yak
  6530 | D:11     | Noticed a two-headed ogre
  6533 | D:11     | Noticed a death yak
  6533 | D:11     | Noticed a cyan ugly thing
  6534 | D:11     | Noticed a death yak
  6550 | D:11     | Killed a death yak
  6555 | D:11     | Killed a death yak
  6563 | D:11     | Killed a two-headed ogre
  6579 | D:11     | Killed a death yak
  6579 | D:11     | Reached XP level 12. HP: 60/99 MP: 12/12
  6602 | D:11     | Reached skill level 13 in Axes
  6620 | D:11     | Found a staircase to the Lair.
  6663 | D:11     | Got a scintillating tin ring
  6665 | D:11     | Identified the ring of Apnefin {*Tele *Corrode Dex+5
                  | Slay+5} (You found it on level 11 of the Dungeon)
  6694 | D:11     | Reached skill level 10 in Armour
  6694 | D:11     | Reached skill level 10 in Shields
  6707 | D:11     | Noticed a two-headed ogre
  6716 | D:11     | Killed a two-headed ogre
  6756 | D:11     | Reached ***** piety under Makhleb
  6813 | D:11     | Noticed a two-headed ogre
  6823 | D:11     | Killed a two-headed ogre
  7158 | D:12     | Found a burning altar of Makhleb.
  7233 | D:12     | Found a staircase to the Orcish Mines.
  7297 | D:12     | Noticed Josephine
  7306 | D:12     | Killed Josephine
  7338 | D:12     | Noticed a seven-headed hydra
  7348 | D:12     | Killed a one-headed hydra
  7348 | D:12     | Reached skill level 14 in Axes
  7915 | D:12     | Lost mutation: You are frail. (-10% HP) [potion of
                  | mutation]
  7915 | D:12     | Lost mutation: You possess an exceptional clarity of mind.
                  | [potion of mutation]
  7915 | D:12     | Gained mutation: Potions are less effective at restoring
                  | your health. [potion of mutation]
  7915 | D:12     | Gained mutation: You are dopey. (Int -2) [potion of
                  | mutation]
  7915 | D:12     | Lost mutation: You are dopey. (Int -2) [potion of mutation]
  7967 | D:13     | Noticed a seven-headed hydra
  7978 | D:13     | Killed a six-headed hydra
  8162 | D:13     | Reached XP level 13. HP: 121/121 MP: 14/14
  8182 | D:13     | Reached skill level 10 in Invocations
  8229 | D:13     | Noticed a fire dragon
  8245 | D:13     | Killed a fire dragon
  8280 | D:13     | Found a gate to the Vaults.
  8330 | D:13     | Lost mutation: Potions are less effective at restoring your
                  | health. [potion of mutation]
  8330 | D:13     | Gained mutation: You are dopey. (Int -2) [potion of
                  | mutation]
  8330 | D:13     | Gained mutation: You are agile. (Dex +2) [potion of
                  | mutation]
  8330 | D:13     | Gained mutation: You occasionally shout uncontrollably at
                  | your foes. [potion of mutation]
  8330 | D:13     | Gained mutation: You are resistant to electric shocks.
                  | (rElec) [potion of mutation]
  8708 | D:9      | Bought an uncursed ring of poison resistance for 260 gold
                  | pieces
  8897 | D:14     | Reached ****** piety under Makhleb
  8964 | D:14     | Noticed Frances
  8996 | D:14     | Killed Frances
  8996 | D:14     | Reached skill level 15 in Axes
  9248 | D:14     | Noticed Rupert
  9268 | D:14     | Killed Rupert
  9304 | D:14     | Gained mutation: You resist negative energy. (rN+) [Deep
                  | Dwarf growth]
  9304 | D:14     | Reached XP level 14. HP: 122/130 MP: 15/15
  9346 | D:14     | Found a runed translucent door.
  9346 | D:14     | Noticed Thantalas's ghost (journeyman GnWn)
  9414 | D:14     | Reached skill level 10 in Fighting
  9702 | D:14     | Reached skill level 16 in Axes
 10239 | D:15     | Entered Level 15 of the Dungeon
 10258 | D:15     | Found a radiant altar of Vehumet.
 10696 | D:15     | Found a staircase to the Depths.
 11262 | Lair:1   | Entered Level 1 of the Lair of Beasts
 11349 | Lair:2   | Noticed Nergalle
 11367 | Lair:2   | Killed Nergalle
 11407 | Lair:2   | Reached XP level 15. HP: 140/140 MP: 17/17
 12630 | Lair:4   | Got a pair of polished gloves
 12647 | Lair:4   | Identified the cursed +0 pair of gloves of the Lumpy
                  | Friends {MR+++ MP-9 Dex+4 SInv} (You found it on level 4 of
                  | the Lair of Beasts)
 12709 | Lair:4   | Found a frozen archway.
 12771 | IceCv    | Entered an ice cave
 12799 | IceCv    | Reached skill level 17 in Axes
 12916 | IceCv    | Found an ancient bone altar of Kikubaaqudgha.
 13401 | Lair:4   | Found a staircase to the Snake Pit.
 13757 | Lair:4   | Found a staircase to the Shoals.
 14001 | Snake:1  | Entered Level 1 of the Snake Pit
 14119 | Snake:2  | Noticed a nagaraja
 14121 | Snake:2  | Noticed Donald
 14142 | Snake:2  | Killed a nagaraja
 14149 | Snake:2  | Killed Donald
 14661 | Snake:3  | Noticed a nagaraja
 14661 | Snake:3  | Noticed a nagaraja
 14684 | Snake:3  | Killed a nagaraja
 14686 | Snake:3  | Killed a nagaraja
 14696 | Snake:4  | Entered Level 4 of the Snake Pit
 14716 | Snake:4  | Noticed a nagaraja
 14726 | Snake:4  | HP: 4/142 [naga warrior/+0 long sword (9)]
 14728 | Snake:4  | Noticed a nagaraja
 14736 | Snake:4  | Reached XP level 16. HP: 75/151 MP: 9/18
 14744 | Snake:4  | Reached skill level 18 in Axes
 14903 | Snake:4  | HP: 5/228 [naga mage/splash of poison (11)]
 14903 | Snake:4  | Shot with a bolt by a naga sharpshooter

Levels and vault maps discovered:
D:1:      erik_arrival_orb_chamber, layout_basic
D:2:      layout_loops_corners, serial_glass, glass_columns_b, glass_columns_b,
          item_on_display_a, item_on_display_a, due_unseen_surprise,
          feat_on_display, first_ration, uniq_terence, uniq_natasha
D:3:      layout_basic, hangedman_decor_growths
D:4:      layout_cave_pools, gammafunk_ghost_mausoleum, mrwooster_statue_mirror,
          uniq_eustachio, uniq_robin, uniq_ijyb
D:5:      layout_rooms, uniq_menkaure
D:6:      layout_cave_pods, minmay_shop_damaged, uniq_grinder, uniq_sigmund
D:7:      layout_loops_ring, minmay_temple_entry_slanted
D:8:      layout_cave_pods, overflow_temple_1_default, corexii_leaking_fountain,
          ldierk_geyser, grunt_ogre_cave, uniq_grum, uniq_joseph
D:9:      layout_cave_pools, serial_gnoll_camp, gnoll_camp_mini_hut,
          gnoll_camp_mini_house, gnoll_camp_mini_sergeant, gnoll_camp_mini_hut,
          enter_bailey_2, serial_shops, shop_coins, uniq_pikel
D:10:     lemuel_flame_loot_2, layout_loops_ring, columned_hall_lemuel,
          uniq_gastronok, uniq_harold, uniq_erolcha
D:11:     layout_roguey, dpeg_lair_monsters, skrybe_limestone_x,
          kennysheep_generic_room_9
D:12:     layout_loops_ring, zombieorc1_lemuel, basic_altar, uniq_josephine
D:13:     layout_roguey, david_vaults_1
D:14:     layout_roguey, serial_rivers, chequers_serial_rivers_micro_d,
          chequers_serial_rivers_micro_e, chequers_serial_rivers_small_b,
          chequers_serial_rivers_room_a, chequers_serial_rivers_micro_d,
          fountainhead, special_room [special_room_mythical_zoo],
          gammafunk_ghost_grave, minmay_orc_keep, uniq_frances, uniq_rupert
D:15:     grunt_enter_depths_hoard, layout_loops_ring, lemuel_crystal_altar
Temple:   minmay_crystal_snake_temple
Lair:1:   wad_woods_minihive, layout_gridlike, minmay_lair_oklob_chamber
Lair:2:   layout_cave_shapes, uniq_nergalle
Lair:3:   layout_small_grid, lemuel_fruit_fields
Lair:4:   layout_gridlike, minmay_shoals_entry_lonely_mermaid,
          minmay_snake_entry_guardpost_small, portal_ice_cave_entry_imps,
          nzn_random_ring
Snake:1:  layout_concentric_octagons, basic_altar, serial_bayou_pond_c,
          minmay_snake_pond, uniq_aizul, uniq_louise, uniq_roxanne, uniq_azrael
Snake:2:  layout_basic, basic_altar, uniq_donald
Snake:3:  layout_onion
Snake:4:  snake_pit, layout_misc_corridors, gammafunk_ghost_grave,
          grunt_ministairs_11, st_stairs_13

Skill      XL: |  1  2  3  4  5  6  7  8  9 10 11 12 13 14 15 16 |
---------------+-------------------------------------------------+-----
Axes           | 3 4 5 6 8 10 11 12 14 15 16 17 18 | 18.0
Fighting       | 3 4 5 6 7 8 9 10 11 | 11.9
Armour         | 4 5 6 7 8 9 10 11 12 13 | 13.8
Shields        | 4 5 6 7 8 9 10 11 12 13 | 13.9
Invocations    | 3 6 8 9 11 12 13 14 | 14.4

Action                   |  1- 3 |  4- 6 |  7- 9 | 10-12 | 13-15 | 16-18 || total
-------------------------+-------+-------+-------+-------+-------+-------++-------
Melee: War axe           |    78 |   163 |   417 |   380 |       |       ||  1038
       Hand axe          |       |       |       |   567 |  1481 |    89 ||  2137
Invok: Lesser Servant of |       |       |       |       |       |     1 ||     1
 Abil: Heal Wounds       |     2 |    11 |    17 |    13 |    12 |     3 ||    58
Evoke: Wand              |       |       |       |       |     1 |     4 ||     5
  Use: Scroll            |       |       |    11 |     7 |    16 |     1 ||    35
       Potion            |       |       |     1 |     1 |     8 |     4 ||    14
 Stab: Petrified         |       |       |       |       |     9 |       ||     9
       Petrifying        |       |       |       |       |     2 |       ||     2
  Eat: Chunk             |       |     1 |    10 |    12 |    24 |     1 ||    48
       Ration            |       |       |       |     2 |       |       ||     2
Armor: Scale mail        |    53 |   127 |       |       |       |       ||   180
       Chain mail        |       |    65 |   252 |   252 |       |       ||   569
       Plate armour      |       |       |       |   236 |   782 |    71 ||  1089
Dodge: Dodged            |    26 |    97 |   127 |   218 |   333 |    29 ||   830
Block: Kite shield       |    42 |   160 |   243 |   615 |   901 |   109 ||  2070

Table legend:
 A = Non-vault XP
 B = Vault XP
 C = Vault XP percentage of total XP
 D = Non-vault monster count
 E = Vault monster count
 F = Vault count percentage of total count
                 A         B        C        D         E       F
            +---------+---------+-------+---------+---------+-------
      Total |  115484 |   61272 |  34.7 |     499 |     287 |  36.5
            +---------+---------+-------+---------+---------+-------
        D:1 |      34 |      12 |  26.1 |      17 |      12 |  41.4
        D:3 |     172 |       0 |   0.0 |      18 |       0 |   0.0
        D:4 |     361 |     255 |  41.4 |      29 |      15 |  34.1
        D:5 |     557 |     172 |  23.6 |      17 |       1 |   5.6
        D:6 |     423 |     489 |  53.6 |      19 |       2 |   9.5
        D:7 |    1089 |       0 |   0.0 |      17 |       0 |   0.0
        D:8 |    2367 |    1011 |  29.9 |      40 |       5 |  11.1
        D:9 |     959 |    1077 |  52.9 |      26 |      12 |  31.6
       D:10 |    2675 |    4196 |  61.1 |      35 |       3 |   7.9
       D:11 |    7643 |    2775 |  26.6 |      33 |      11 |  25.0
       D:12 |    4947 |    3036 |  38.0 |      20 |      33 |  62.3
       D:13 |    7982 |    2257 |  22.0 |      24 |       4 |  14.3
       D:14 |   21253 |   15575 |  42.3 |      48 |      38 |  44.2
       D:15 |   14912 |    2200 |  12.9 |      32 |       2 |   5.9
     Lair:1 |     137 |     987 |  87.8 |       1 |      16 |  94.1
     Lair:2 |    2084 |     835 |  28.6 |       7 |       1 |  12.5
     Lair:3 |    5092 |       0 |   0.0 |      25 |       0 |   0.0
     Lair:4 |    5184 |    4418 |  46.0 |      27 |      26 |  49.1
    Snake:1 |    3551 |       0 |   0.0 |       9 |       0 |   0.0
    Snake:2 |   11638 |    2065 |  15.1 |      20 |       1 |   4.8
    Snake:3 |    9814 |       0 |   0.0 |      12 |       0 |   0.0
    Snake:4 |   12610 |   12593 |  50.0 |      23 |      21 |  47.7
     Bailey |       0 |    1218 | 100.0 |       0 |      30 | 100.0
      IceCv |       0 |    6101 | 100.0 |       0 |      54 | 100.0
            +---------+---------+-------+---------+---------+-------
